CorruptionSegfaultFreeze, neutral female scurrid Tourist --- | .| |. `.| |H..@| |....| | ...| ..| | g CorruptionSegfaultFreeze the Rambler Experience level: 1 Strength: 11 Dexterity: 11 Constitution: 14 Intelligence: 12 Wisdom: 11 Charisma: 16 Health: 0(9) Energy: 2(2) Def: 0 Gold: 971 Moves: 52 Dungeon seed: _xfzzKh-rx51yf9k Game ID: CorruptionSegfaultFreeze_1498593058 Your Inventory: Coins $ - 971 gold pieces Weapons a - 39 uncursed +2 darts (in quiver) Armor e - a blessed +0 Hawaiian shirt (being worn) Comestibles b - 6 uncursed food rations c - an uncursed elder orange dragon egg d - 3 uncursed tripe rations f - 2 uncursed eggs Scrolls h - 4 uncursed scrolls of magic mapping Potions g - 2 uncursed potions of extra healing Wands k - an uncursed wand of secret door detection (0:13) Tools i - an uncursed expensive camera (0:72) j - an uncursed credit card l - an uncursed oil lamp (lit) (0:995) Spells and supernatural/magical abilities: Name Level Category Fail Memory W - pray for help -- divine ? -- Your skills at the end: Miscellaneous Skills wands [Basic] Weapon Skills dart [Basic] Spellcasting Skills Final Attributes: You were devoutly aligned. You had infravision. You were very stealthy. You are dead. Vanquished creatures: a leocrotta an ettin zombie a Mordor orc a jitterbug a jackal 5 creatures vanquished. Voluntary challenges: You went without food. You did not adorn yourself with jewelry or accessories. You did not cause conflict. You were not invisible. You did not have reflection. You were not displaced. You were an atheist. You never hit with a wielded weapon. You were a pacifist. You did not use containers. You did not apply a unicorn horn. You did not use plumbed fixtures. You did not drink any magical draughts. You were illiterate. You never genocided any monsters. You never polymorphed an object. You never changed form. You used no wishes. You never split a pudding. You never wrote Elbereth's name. You never violated your personal moral code. Dungeon overview: The Dungeons of Doom: levels 1 to 23 Level 1 a long staircase Level 2 a long staircase Level 3 Level 4 Level 5 Level 6 Level 7 Level 8 Level 9 Level 10 Level 11 Level 12 Level 13 a fountain Level 14 Level 15 Level 16 Level 17 Level 18 Level 19 Level 20 Level 21 Level 22 Level 23 <- You were here History has recorded: On T:1 you entered the Dungeons of Doom to retrieve the Amulet of Yendor! On T:4 you reached level 2 of The Dungeons of Doom. On T:7 you reached level 3 of The Dungeons of Doom. On T:9 you reached level 4 of The Dungeons of Doom. On T:11 you reached level 5 of The Dungeons of Doom. On T:13 you reached level 6 of The Dungeons of Doom. On T:16 you reached level 7 of The Dungeons of Doom. On T:18 you reached level 8 of The Dungeons of Doom. On T:20 you reached level 9 of The Dungeons of Doom. On T:22 you reached level 10 of The Dungeons of Doom. On T:25 you reached level 11 of The Dungeons of Doom. On T:27 you reached level 12 of The Dungeons of Doom. On T:29 you reached level 13 of The Dungeons of Doom. On T:31 you reached level 14 of The Dungeons of Doom. On T:34 you reached level 15 of The Dungeons of Doom. On T:36 you reached level 16 of The Dungeons of Doom. On T:38 you reached level 17 of The Dungeons of Doom. On T:40 you reached level 18 of The Dungeons of Doom. On T:40 you entered the Rogue tribute level. On T:43 you reached level 19 of The Dungeons of Doom. On T:45 you reached level 20 of The Dungeons of Doom. On T:47 you reached level 21 of The Dungeons of Doom. On T:49 you reached level 22 of The Dungeons of Doom. On T:52 you reached level 23 of The Dungeons of Doom. Score breakdown: Gold: 241 ( 24 points) Experience: 1 level ( 0 points) Exploration: 23 levels ( 660 points) Discoveries: 1 item ( 50 points) Variety of kills: 5 monsters ( 250 points) Major goal: (nothing yet) ( 0 points) Survival: died (score multiplied by 3) Total score: 2952 Latest messages: You continue digging downward. You dig a hole through the floor. You fall through... You start digging downward. You continue digging downward. You dig a pit in the floor. You continue digging downward. You dig a hole through the floor. You fall through... You start digging downward. You hear a distant zap. The bolt of fire hits it. (3x) You hear a sound reminiscent of a seal barking. You continue digging downward. You dig a pit in the floor. You hear a distant zap. You continue digging downward. You dig a hole through the floor. You fall through... The titan zaps a steel wand! The magic missile hits you! You die... Final status: Aloha CorruptionSegfaultFreeze the Tourist, killed by a magic missile... You died in The Dungeons of Doom on dungeon level 23 with 2952 points, and 971 pieces of gold, after 52 moves. You were level 1 with a maximum of 9 hit points when you died.